 Dungeon Crawl Stone Soup version 0.29.1-1-gd02db6906a (webtiles) character file.

Game seed: 15299556627963453676

161495 snonkTrekker the Fencer (level 17, -2/112 HPs)
             Began as a Gargoyle Fighter on Oct 10, 2022.
             Was the Champion of Nemelex Xobeh.
             Slain by an anaconda (3 damage)
             ... led by a naga ritualist
             ... on level 3 of the Snake Pit on Oct 15, 2022.
             The game lasted 02:00:31 (41647 turns).

snonkTrekker the Fencer (Gargoyle Fighter)         Turns: 41647, Time: 02:00:31

Health: -2/112     AC: 41    Str: 21    XL:     17   Next: 78%
Magic:  9/26       EV:  4    Int: 10    God:    Nemelex Xobeh [******]
Gold:   1864       SH:  0    Dex: 21    Spells: 16/16 levels left

rFire   + . .      SeeInvis +   w - +8 great sword
rCold   . . .      Faith    .   (shield currently unavailable)
rNeg    + . .      Spirit   .   e - +6 plate armour of Eddeot {Regen+ Stlth+}
rPois   ∞          Reflect  .   (helmet restricted)
rElec   +          Harm     .   (no cloak)
rCorr   .          Rampage  .   (no gloves)
Will    +....                   Z - +0 pair of boots
Stlth   ..........              u - amulet of the acrobat
HPRegen 1.08/turn               v - +4 ring of protection
MPRegen 0.20/turn               y - +6 ring of dexterity

@: marked, flying, constricted
A: sickness immunity, AC +12, big wings, negative energy resistance 1,
electricity resistance, torment resistance 1, petrification resistance, hooves
1, horns 1, see invisible, fire resistance 1
a: Renounce Religion, Draw Escape, Draw Destruction, Draw Summoning, Triple
Draw, Deal Four, Stack Five


You were on level 3 of the Snake Pit.
You worshipped Nemelex Xobeh.
Nemelex Xobeh was exalted by your worship.
You visited 5 branches of the dungeon, and saw 26 of its levels.

You collected 2743 gold pieces.
You spent 879 gold pieces at shops.

Inventory:

Hand Weapons
 a - a +1 long sword
 r - a +2 dagger of venom
 w - a +8 great sword (weapon)
 z - a +5 falchion
 A - a +3 great sword of holy wrath
 C - a +1 great sword of holy wrath
 Q - the +6 falchion "Hawe" {drain, rC+}
   (You found it on level 12 of the Dungeon)

   A truly terrible weapon, it drains the life of any living foe it strikes.
   rC:        It protects you from cold.
 Y - a +0 long sword of flaming
Missiles
 b - 3 boomerangs of dispersal
 c - a throwing net
 h - 188 stones (quivered)
 x - 30 boomerangs
 B - 9 silver javelins
 E - 18 poisoned darts
 J - 5 curare-tipped darts
 T - 5 silver boomerangs
 W - 6 atropa-tipped darts
Armour
 e - the +6 plate armour of Eddeot (worn) {Regen+ Stlth+}
   (You bought it in a shop on level 2 of the Snake Pit)

   Regen:     It increases your rate of health regeneration.
   Stlth:     It makes you more stealthy.
 o - a +0 pair of boots
 X - a +0 crystal plate armour
 Z - a +0 pair of boots (worn)
Jewellery
 l - an amulet of reflection
 u - an amulet of the acrobat (around neck)
 v - a +4 ring of protection (left hand)
 y - a +6 ring of dexterity (right hand)
 D - a +4 ring of evasion
 M - a ring of resist corrosion
Wands
 q - a wand of flame (33)
 s - a wand of iceblast (21)
 N - a wand of charming (37)
 R - a wand of digging (3)
 S - a wand of acid (11)
Scrolls
 f - 11 scrolls of teleportation
 g - 2 scrolls of magic mapping
 i - 5 scrolls of butterflies
 j - 2 scrolls of summoning
 k - a scroll of amnesia
 m - 5 scrolls of fear
 p - 3 scrolls of enchant weapon
 t - 16 scrolls of identify
 G - a scroll of noise
 O - 3 scrolls of blinking
 U - a scroll of silence
 V - a scroll of poison
Potions
 d - 4 potions of might
 n - 5 potions of lignification
 H - 4 potions of berserk rage
 I - 5 potions of attraction
 K - a potion of resistance
 L - a potion of haste
 P - a potion of ambrosia


   Skills:
 + Level 14.5 Fighting
 * Level 16.7 Long Blades
 + Level 14.5 Armour
 + Level 14.5 Shields
 - Level 13.2 Invocations


You had 16 spell levels left.
You didn't know any spells.
Your spell library contained the following spells:

 Spells                   Type           Power      Damage    Failure   Level
 Apportation              Tloc           0%         N/A       99%         1
 Foxfire                  Conj/Fire      0%         2x1d4     99%         1
 Magic Dart               Conj           0%         1d3       99%         1
 Necrotise                Necr           0%         1d4       99%         1
 Sandblast                Erth           0%         2d4       99%         1
 Sting                    Tmut/Pois      0%         1d3       99%         1
 Summon Small Mammal      Summ           0%         N/A       99%         1
 Blink                    Tloc           0%         N/A       99%         2
 Call Imp                 Summ           0%         N/A       99%         2
 Ensorcelled Hibernation  Hex/Ice        0%         N/A       99%         2
 Passwall                 Tmut/Erth      0%         N/A       99%         2
 Poisonous Vapours        Pois/Air       0%         N/A       99%         2
 Conjure Flame            Conj/Fire      0%         6-21      100%        3
 Ignite Poison            Fire/Tmut/Pois 0%         N/A       100%        3
 Inner Flame              Hex/Fire       0%         N/A       100%        3
 Mephitic Cloud           Conj/Pois/Air  0%         N/A       100%        3
 Spider Form              Tmut/Pois      0%         N/A       100%        3
 Stone Arrow              Conj/Erth      0%         3d7       100%        3
 Airstrike                Air            0%         2d(0-16)  100%        4
 Anguish                  Hex/Necr       0%         N/A       100%        4
 Animate Armour           Summ/Erth      0%         N/A       100%        4
 Animate Dead             Necr           0%         N/A       100%        4
 Corpse Rot               Necr/Pois/Air  0%         N/A       100%        4
 Flame Wave               Conj/Fire      0%         2d4       100%        4
 Olgreb's Toxic Radiance  Pois           0%         N/A       100%        4
 Passage of Golubria      Tloc           0%         N/A       100%        4
 Petrify                  Tmut/Erth      0%         N/A       100%        4
 Summon Lightning Spire   Summ/Air       0%         N/A       100%        4
 Alistair's Intoxication  Tmut/Pois      0%         N/A       100%        5
 Blade Hands              Tmut           0%         N/A       100%        5
 Borgnjor's Vile Clutch   Necr/Erth      0%         N/A       100%        5
 Fireball                 Conj/Fire      0%         3d3       100%        5
 Irradiate                Conj/Tmut      0%         3d11      100%        5
 Lightning Bolt           Conj/Air       0%         1d11      100%        5
 Manifold Assault         Tloc           0%         N/A       100%        5
 Silence                  Hex/Air        0%         N/A       100%        5
 Summon Forest            Summ/Tloc      0%         N/A       100%        5
 Summon Mana Viper        Hex/Summ       0%         N/A       100%        5
 Death Channel            Necr           0%         N/A       100%        6
 Eringya's Noxious Bog    Tmut/Pois      0%         N/A       100%        6
 Iron Shot                Conj/Erth      0%         9d1       100%        6
 Summon Cactus Giant      Summ           0%         N/A       100%        6
 Enfeeble                 Hex            0%         N/A       100%        7
 Storm Form               Tmut/Air       0%         N/A       100%        7
 Summon Hydra             Summ           0%         N/A       100%        7
 Borgnjor's Revivificati  Necr           0%         N/A       100%        8
 Ignition                 Fire           0%         3d3       100%        8
 Lehudib's Crystal Spear  Conj/Erth      0%         10d2      100%        8
 Necromutation            Tmut/Necr      0%         N/A       100%        8
 Death's Door             Necr           0%         N/A       100%        9
 Sublimation of Blood     Necr           Unusable   N/A       N/A         2

Dungeon Overview and Level Annotations

Branches:
Dungeon (15/15)            Temple (1/1) D:4            Lair (5/5) D:9
 Shoals (0/4) Lair:2        Snake (3/4) Lair:2        Slime (0/5) Lair:5
    Orc (2/2) D:10            Elf (0/3) Orc:2        Vaults (0/5) D:14
 Depths (0/4) D:15

Altars:
Ashenzari
Cheibriados
Dithmenos
Elyvilon
Fedhas
Gozag
Hepliaklqana
Kikubaaqudgha
Makhleb
Nemelex Xobeh
Okawaru
Qazlal
Ru
Sif Muna
Trog
Uskayaw
Vehumet
Wu Jian
Xom
Yredelemnul
Zin
The Shining One
Jiyva

Shops:
Orc:2 ([[[   Snake:2 [

Portals:
Bazaar: D:15
Trove: D:14 (give +7 demon blade)

Annotations:
D:9 Lair
D:10 Mines
D:14 Rune Locked Vault, Treasure Trove
D:15 Depths
Lair:2 Shoals, Snake
Lair:5 Slime
Orc:1 Challenge Battles
Orc:2 Elves, Crystal sword$


Innate Abilities, Weirdness & Mutations

You are immune to sickness and miasma.
Your stone body is resilient. (AC +12)
You are immune to poison.
Your large and strong wings let you fly.
You resist negative energy. (rN+)
You are resistant to electric shocks. (rElec)
You are resistant to unholy torment.
You are immune to petrification.
You have large cloven feet.
You have a pair of small horns on your head.
You have supernaturally acute eyesight. (SInv)
Your flesh is heat resistant. (rF+)


Message History

You feel better.
The anaconda bites you but does no damage.
The anaconda constricts you.
The black mamba bites you but does no damage.
The anaconda bites you but does no damage.
The black mamba bites you but does no damage.
The anaconda barely misses you. x2
The mana viper bites you but does no damage.
Your +0 long sword of freezing hits the black mamba!
The black mamba seems to slow down.
Your +0 long sword of freezing freezes the black mamba.
The anaconda bites you.
* * * LOW HITPOINT WARNING * * *
The anaconda constricts you.
A naga comes into view. It is wielding a +0 dire flail.
The mana viper completely misses your rakshasa.
The mana viper bites you but does no damage.
The black mamba barely misses you. The naga barely misses you.
The anaconda bites you but does no damage.
The black mamba bites you but does no damage.
The anaconda bites you but does no damage.
The anaconda bites you.
* * * LOW HITPOINT WARNING * * *
Your soul eater hits the mana viper!
Your rakshasa hits the anaconda with a +1 whip!
You draw a card...
You have drawn the Rangers.
The black mamba bites your centaur warrior.
The anaconda barely misses you. The anaconda constricts you.
* * * LOW HITPOINT WARNING * * *
The black mamba bites you but does no damage.
Your +0 long sword of freezing hits the black mamba!!
Your +0 long sword of freezing freezes the black mamba.
The black mamba dies!
The anaconda bites you but does no damage.
The mana viper bites you.
* * * LOW HITPOINT WARNING * * *
You feel your power leaking away. The black mamba completely misses you.
The anaconda bites you.
You die...
Your body glows with a rainbow of weird colours and disappears.

## ##$ ###..
##...
#.####3N.###
.....(SSSc.##
....N†S@S...#
..N..SSSSRS..#
..S...cS.NS.##
N.........N....
...............
#.##########...
# ###


You could see 2 naga sharpshooters, 4 anacondas, 5 mana vipers, 4 black mambas,
3 nagas, a friendly naga sharpshooter (summoned), a friendly rakshasa
(summoned), a friendly soul eater (summoned), 2 friendly centaur warriors and a
friendly +0 long sword of freezing (summoned).

Vanquished Creatures
  The ghost of p0werm0de the Fighter, a journeyman MiFi of Cheibriados (Snake:2)
  Aizul (Snake:2)
  Louise (Snake:1)
  A ghost moth (D:14)
  A dire elephant (Lair:5)
  A yaktaur captain (D:13)
  A great orb of eyes (D:14)
  The ghost of ToffieWolf the Cleaver, a journeyman MiBe of Trog (Orc:1)
  3 vault guards (D:14)
  5 boulder beetles
  6 hydras
  An ogre mage (D:15)
  2 catoblepae
  4 two-headed ogres
  2 centaur warriors (D:14)
  2 naga warriors
  3 anacondas (Snake:2)
  A tengu warrior (D:13)
  8 death yaks
  An orc high priest (Orc:2)
  5 shock serpents
  Urug (Orc:1)
  7 naga sharpshooters
  A naga ritualist (Snake:2)
  A phantasmal warrior (D:15)
  3 mana vipers (Snake:2)
  A deep elf pyromancer (D:15)
  2 orc sorcerers
  6 orc knights
  18 ugly things
  5 manticores
  3 cyclopes
  2 guardian serpents (Snake:2)
  16 black mambas
  A merfolk siren (Lair:2)
  39 elephants
  9 naga magi
  A torpor snail (Lair:1)
  2 gargoyles (D:13)
  A centaur skeleton (D:15)
  A rime drake (shapeshifter) (D:13)
  3 rime drakes
  14 komodo dragons
  7 cane toads
  Psyche (D:12)
  2 tengu conjurers (D:13)
  2 merfolk
  3 polar bears
  4 trolls
  A wolf spider simulacrum (D:15)
  15 blink frogs
  A harpy skeleton (D:15)
  A raiju (shapeshifter) (D:13)
  2 dream sheep (Lair:3)
  9 slime creatures
  Sigmund (D:2)
  A vampire (D:12)
  10 wraiths
  3 shadows
  A human (D:8)
  55 yaks
  6 wyverns
  2 centaur simulacra (D:15)
  4 basilisks
  3 steam dragons
  6 wargs
  15 nagas
  A spectral troll (Orc:1)
  23 water moccasins
  A floating eye (D:10)
  35 orc warriors
  A swamp drake (Lair:1)
  2 black bears
  2 ice beasts
  A sky beast (D:7)
  9 ogres
  25 wolves
  7 centaurs
  2 phantoms (D:6)
  9 bullfrogs
  2 kobold brigands (D:9)
  2 scorpions
  4 necrophages
  A cane toad simulacrum (Lair:1)
  11 wights
  An elephant simulacrum (Lair:1)
  An electric eel (Lair:5)
  2 howler monkeys
  A hound (D:4)
  A gnoll bouda (Lair:3)
  24 orc priests
  3 jellies
  15 iguanas
  24 orc wizards
  16 hell rats
  A spectral orc (Orc:1)
  2 gnolls
  6 adders
  An ogre simulacrum (Orc:1)
  A shadow imp (D:6)
  2 white imps
  An ufetubus (D:4)
  3 orc simulacra (Orc:1)
  2 worms (D:5)
  A dart slug (D:1)
  97 orcs
  6 ball pythons
  2 endoplasms (D:1)
  2 giant cockroaches
  7 goblins
  8 hobgoblins
  4 jackals (D:5)
  A quokka (D:3)
  15 bats
  18 frilled lizards
  A jackal zombie (D:8)
  6 kobolds
  6 rats
762 creatures vanquished.

Vanquished Creatures (collateral kills)
  An orc warlord (Orc:1)
  An ettin (Orc:2)
  3 hydras
  A death knight (D:15)
  4 death yaks (Lair:5)
  A centaur warrior (D:13)
  A deep troll shaman (Lair:5)
  4 two-headed ogres
  A skeletal warrior (D:15)
  A fire crab (Orc:2)
  2 orc knights (Orc:1)
  2 orc sorcerers (D:15)
  An elephant (Lair:5)
  A black mamba (Snake:3)
  4 slime creatures
  A wraith (D:9)
  A warg (shapeshifter) (D:13)
  A hornet zombie (D:15)
  5 orc warriors
  3 wolves (Lair:3)
  2 ogres (Orc:2)
  A centaur (D:13)
  A bullfrog (Lair:3)
  3 orc priests (Orc:1)
  5 orc wizards
  A hell rat (D:9)
  17 orcs
69 creatures vanquished.

Vanquished Creatures (others)
  2 orc wizards (D:6)
  2 orcs
  49 fungi
  63 plants
  A withered plant (Snake:2)
117 creatures vanquished.

Grand Total: 948 creatures vanquished

Notes
Turn   | Place    | Note
-------+----------+-------------------------------------------
     0 | D:1      | snonkTrekker the Gargoyle Fighter began the quest for the
                  | Orb.
     0 | D:1      | Reached XP level 1. HP: 14/14 MP: 1/1
   241 | D:1      | Reached skill level 2 in Long Blades
   245 | D:1      | Reached XP level 2. HP: 18/19 MP: 2/2
   591 | D:1      | Reached XP level 3. HP: 21/23 MP: 3/3
  1336 | D:2      | Noticed Sigmund
  1358 | D:2      | Killed Sigmund
  1359 | D:2      | Reached skill level 3 in Long Blades
  1359 | D:2      | Reached XP level 4. HP: 21/29 MP: 4/4
  1359 | D:2      | Reached XP level 5. HP: 24/33 MP: 5/5
  1620 | D:2      | Reached XP level 6. HP: 39/39 MP: 6/6
  1644 | D:2      | Identified the +1 helmet "Qoicw" {rF+ rCorr Str+4 Dex-4}
  1894 | D:2      | Gained mutation: You have a pair of small horns on your
                  | head. [potion of mutation]
  1894 | D:2      | Gained mutation: You have supernaturally acute eyesight.
                  | (SInv) [potion of mutation]
  1894 | D:2      | Gained mutation: Your flesh is heat resistant. (rF+)
                  | [potion of mutation]
  1894 | D:2      | Gained mutation: You have large cloven feet. [potion of
                  | mutation]
  2615 | D:4      | Reached skill level 4 in Long Blades
  3516 | D:4      | Found a staircase to the Ecumenical Temple.
  3734 | Temple   | Entered the Ecumenical Temple
  3742 | Temple   | Became a worshipper of Nemelex Xobeh the Trickster
  3769 | D:5      | Entered Level 5 of the Dungeon
  3818 | D:4      | Reached XP level 7. HP: 16/44 MP: 7/7
  4299 | D:5      | Reached skill level 5 in Fighting
  4307 | D:5      | Reached skill level 5 in Armour
  4307 | D:5      | Reached skill level 5 in Shields
  4553 | D:5      | Reached skill level 5 in Long Blades
  4716 | D:5      | Reached XP level 8. HP: 40/50 MP: 8/8
  5336 | D:5      | Reached * piety under Nemelex Xobeh
  5398 | D:5      | Found an iron altar of Okawaru.
  5503 | D:6      | Reached skill level 6 in Long Blades
  5931 | D:6      | Reached XP level 9. HP: 56/56 MP: 9/9
  6221 | D:6      | Received a gift from Nemelex Xobeh
  6413 | D:6      | Found a hide-covered altar of Uskayaw.
  6426 | D:6      | Reached skill level 7 in Long Blades
  7230 | D:7      | Reached ** piety under Nemelex Xobeh
  8609 | D:8      | Received a gift from Nemelex Xobeh
  9054 | D:8      | Reached skill level 8 in Long Blades
  9183 | D:8      | Found a runed translucent door.
  9185 | D:8      | Received a gift from Nemelex Xobeh
  9287 | D:8      | Found a basalt altar of Yredelemnul.
  9371 | D:9      | Reached XP level 10. HP: 50/63 MP: 10/10
  9968 | D:9      | Reached *** piety under Nemelex Xobeh
 10139 | D:9      | Reached skill level 9 in Long Blades
 10766 | D:9      | Found a staircase to the Lair.
 10866 | D:9      | Reached XP level 11. HP: 46/69 MP: 11/11
 11360 | D:9      | Reached skill level 10 in Long Blades
 11606 | D:9      | Received a gift from Nemelex Xobeh
 11884 | D:9      | Identified the +1 robe of the Realm of Zot {rElec}
 12006 | D:10     | Entered Level 10 of the Dungeon
 12030 | D:10     | Noticed a two-headed ogre
 12100 | D:9      | Killed a two-headed ogre
 12263 | D:10     | Noticed Nergalle
 12263 | D:10     | Noticed a deep elf pyromancer
 12265 | D:10     | Noticed Nergalle
 12265 | D:10     | Nergalle changed into Nergalle the floating eye
 12265 | D:10     | a deep elf pyromancer changed into an elephant
 12271 | D:10     | Paralysed by Nergalle for 3 turns
 12276 | D:10     | Killed Nergalle the floating eye
 12551 | D:10     | Received a gift from Nemelex Xobeh
 12569 | D:10     | Found a snail-covered altar of Cheibriados.
 12875 | D:10     | Found a staircase to the Orcish Mines.
 12944 | D:10     | Reached **** piety under Nemelex Xobeh
 13042 | D:10     | Found a faded altar of an unknown god.
 13042 | D:10     | Found a faded altar of an unknown god.
 13044 | D:10     | Found a hazy altar of Hepliaklqana.
 13297 | D:11     | Received a gift from Nemelex Xobeh
 13306 | D:11     | Noticed an eight-headed hydra
 13315 | D:11     | Killed a nine-headed hydra
 13316 | D:11     | Noticed a two-headed ogre
 13351 | D:11     | Killed a two-headed ogre
 13584 | D:11     | Noticed a cyan ugly thing
 13599 | D:11     | Killed a cyan ugly thing
 13600 | D:11     | Reached skill level 11 in Long Blades
 13611 | D:11     | Noticed a two-headed ogre
 13617 | D:11     | Killed a two-headed ogre
 13811 | D:11     | Reached skill level 10 in Fighting
 13811 | D:11     | Reached XP level 12. HP: 65/77 MP: 12/12
 13853 | D:11     | Reached skill level 10 in Armour
 14086 | D:12     | Received a gift from Nemelex Xobeh
 14100 | D:12     | Reached skill level 10 in Shields
 14157 | D:12     | Reached ***** piety under Nemelex Xobeh
 14221 | D:12     | Identified the +0 hand axe of the Morning {pain, Dex+4}
 14243 | D:12     | Identified the +6 falchion "Hawe" {drain, rC+}
 14341 | D:12     | Reached skill level 1 in Invocations
 14745 | D:12     | Received a gift from Nemelex Xobeh
 14972 | D:12     | Noticed Psyche
 14993 | D:12     | Killed Psyche
 15122 | D:12     | Noticed a six-headed hydra
 15174 | D:12     | Killed a 17-headed hydra
 15450 | D:12     | Received a gift from Nemelex Xobeh
 15783 | D:13     | Reached skill level 12 in Long Blades
 16438 | D:13     | Noticed a tengu warrior
 16461 | D:13     | Killed a tengu warrior
 16721 | D:13     | Reached skill level 5 in Invocations
 16765 | D:13     | Received a gift from Nemelex Xobeh
 16891 | D:13     | Noticed a boulder beetle
 16910 | D:13     | Killed a boulder beetle
 16911 | D:13     | Reached XP level 13. HP: 80/84 MP: 15/17
 17111 | D:13     | Noticed a yaktaur captain
 17121 | D:13     | Killed a yaktaur captain
 17708 | D:14     | Noticed Josephine
 17734 | D:14     | Noticed Josephine
 17734 | D:14     | Josephine changed into Josephine the merfolk
 17739 | D:14     | Killed Josephine the merfolk
 17898 | D:14     | Noticed a vault guard
 17918 | D:14     | Noticed a vault guard
 17940 | D:14     | Noticed a ghost moth
 17940 | D:14     | a vault guard changed into a ghost moth
 17940 | D:14     | Noticed a great orb of eyes
 17940 | D:14     | a vault guard changed into a great orb of eyes
 17959 | D:14     | Killed a ghost moth
 17969 | D:14     | Killed a great orb of eyes
 18076 | D:14     | Noticed a vault guard
 18096 | D:14     | Killed a vault guard
 18097 | D:14     | Reached skill level 13 in Long Blades
 18543 | D:14     | Noticed a vault guard
 18553 | D:14     | Killed a vault guard
 18618 | D:14     | Found a portal to a secret trove of treasure.
 19115 | D:14     | Found a gate to the Vaults.
 19364 | D:14     | Noticed a vault guard
 19365 | D:15     | Entered Level 15 of the Dungeon
 19365 | D:15     | Found a gateway to a bazaar.
 19563 | D:15     | Gained mutation: Your large and strong wings let you fly.
                  | [Gargoyle growth]
 19563 | D:15     | Reached XP level 14. HP: 52/91 MP: 20/20
 21140 | D:15     | Identified the +0 trident of Truth {freeze, rN+ SInv}
 21651 | D:15     | Found a staircase to the Depths.
 22611 | Orc:1    | Entered Level 1 of the Orcish Mines
 22640 | Lair:1   | Entered Level 1 of the Lair of Beasts
 23631 | Lair:1   | Reached skill level 14 in Long Blades
 23892 | Lair:1   | Reached skill level 10 in Invocations
 24537 | Lair:1   | Got Nuorgheno's Anthology of the Baneful Summer
 25079 | Lair:1   | Reached XP level 15. HP: 97/97 MP: 21/23
 25586 | Lair:2   | Received a gift from Nemelex Xobeh
 25687 | Lair:2   | Found a staircase to the Snake Pit.
 25950 | Lair:2   | Received a gift from Nemelex Xobeh
 26169 | Lair:2   | Reached XP level 16. HP: 103/103 MP: 24/24
 26216 | Lair:2   | Found a staircase to the Shoals.
 27313 | Lair:3   | Received a gift from Nemelex Xobeh
 27397 | Lair:3   | Identified the +2 long sword of the Hero {vorpal, *Noise
                  | rElec rCorr Str+8}
 28033 | Lair:3   | Reached ****** piety under Nemelex Xobeh
 28115 | Lair:3   | Received a gift from Nemelex Xobeh
 28977 | Lair:4   | Received a gift from Nemelex Xobeh
 29496 | Lair:4   | Reached skill level 15 in Long Blades
 30182 | Lair:5   | Entered Level 5 of the Lair of Beasts
 30195 | Lair:5   | Received a gift from Nemelex Xobeh
 31626 | Lair:5   | Found a viscous altar of Jiyva.
 31626 | Lair:5   | Found a staircase to the Slime Pits.
 32651 | Lair:5   | Received a gift from Nemelex Xobeh
 33345 | Lair:5   | Found the +8 frozen axe "Frostbite" {freezing cloud, *Noise
                  | Fly rC+}
 33802 | Orc:1    | Received a gift from Nemelex Xobeh
 33811 | Orc:1    | Found a transporter.
 34035 | Orc:1    | Found an ornate altar of the Wu Jian Council.
 34035 | Orc:1    | Found a transporter.
 34040 | Orc:1    | Reached XP level 17. HP: 98/109 MP: 26/26
 34191 | Orc:1    | Found a transporter.
 34424 | Orc:1    | Found a runed translucent gate.
 34424 | Orc:1    | Found a runed translucent gate.
 34424 | Orc:1    | Found a runed translucent gate.
 34425 | Orc:1    | Noticed ToffieWolf's ghost (journeyman MiBe)
 34482 | Orc:1    | Found a transporter.
 34483 | Orc:1    | Found an ornate altar of the Wu Jian Council.
 34685 | Orc:1    | Killed ToffieWolf's ghost
 35522 | Orc:2    | Entered Level 2 of the Orcish Mines
 35639 | Orc:2    | Noticed Urug
 35663 | Orc:1    | Killed Urug
 35913 | Orc:2    | Received a gift from Nemelex Xobeh
 36034 | Orc:2    | Found a staircase to the Elven Halls.
 36733 | Orc:2    | Received a gift from Nemelex Xobeh
 36947 | Orc:2    | Found Wiceg's Armour Boutique.
 37248 | Orc:2    | Found Peisukem's Antique Armour Shoppe.
 37528 | Orc:2    | Found Loataegi's Antique Armour Boutique.
 37530 | Orc:2    | Found Seychot's Antique Weapon Shop.
 37663 | Snake:1  | Entered Level 1 of the Snake Pit
 37673 | Snake:1  | Received a gift from Nemelex Xobeh
 37740 | Snake:1  | Noticed Louise
 37765 | Snake:1  | Killed Louise
 37766 | Snake:1  | Reached skill level 16 in Long Blades
 38423 | Snake:1  | Received a gift from Nemelex Xobeh
 38854 | Snake:1  | Received a gift from Nemelex Xobeh
 40348 | Snake:2  | Found a runed translucent door.
 40348 | Snake:2  | Noticed p0werm0de's ghost (journeyman MiFi)
 40658 | Snake:2  | Killed p0werm0de's ghost
 40742 | Snake:2  | Found Keseof's Armour Shop.
 40742 | Snake:2  | Noticed Aizul
 40756 | Snake:2  | Killed Aizul
 40826 | Snake:2  | Bought the +6 plate armour of Eddeot {Regen+ Stlth+} for
                  | 879 gold pieces
 40863 | Snake:2  | Received a gift from Nemelex Xobeh
 41647 | Snake:3  | HP: 1/112 [mana viper (5)]
 41647 | Snake:3  | Slain by an anaconda

Illustrated notes

Levels and vault maps discovered:
D:1:      arrival_zaba_pyramid, layout_rooms, minmay_hexomino_u4
D:2:      layout_rooms, columned_hall_lemuel, minmay_misc_feat_hallway,
          chequers_arboretum, uniq_sigmund
D:3:      layout_rooms, amethyst_killhole
D:4:      layout_layer_cave, minmay_temple_entry_hall, corexii_corridor_pit
D:5:      layout_gridville, okawaru_altar_gauntlet_db, kennysheep_nondescript,
          roderic_batcave
D:6:      hellmonk_crumbling_castle, layout_basic,
          nicolae_uskayaw_murder_on_the_dancefloor, lemuel_flamethrower_2
D:7:      layout_basic
D:8:      layout_rooms, dk_yredelemnul_ordeal
D:9:      layout_stronghold, minmay_lair_entry_grove, minmay_misc_feat_plants,
          hangedman_minor_gate_pass
D:10:     layout_cave_pools, nicolae_hepliaklqana_ecumenical_no_more,
          mainiacjoe_overflow_surrounded_room, minmay_orc_entry_guard_dogs,
          uniq_nergalle
D:11:     layout_rooms, moated_statue
D:12:     layout_basic, chequers_jeans, uniq_psyche
D:13:     layout_roguey [special_room_orc], gauntlet_entry_generic,
          evilmike_minifort
D:14:     layout_roguey, lightli_vaults_fourway_checkpoint, enter_trove_5,
          uniq_josephine
D:15:     grunt_enter_depths_magical_seal, layout_rooms, serial_shops,
          bzr_in_the_mist
Temple:   sentei_temple_godly_chess
Lair:1:   lemuel_reptile_caves, layout_hall_layers,
          portal_ice_cave_entry_ice_simulacra
Lair:2:   layout_small_grid, elwin_shoals_entry_rooms,
          guppyfry_snake_entry_island, serial_bayou_pond_c, beast_lair_carwin_4
Lair:3:   layout_regular_city, dreamdust_gnoll_shepherd, grunt_megastairs_1
Lair:4:   layout_long_grid
Lair:5:   grunt_lair_end_beastmaster, layout_cave_pods,
          dpeg_slime_entry_enclosed, kennysheep_abandoned_house,
          infiniplex_staircase_pool
Snake:1:  layout_grid_maze, uniq_louise
Snake:2:  layout_chambers, gammafunk_ghost_grave, serial_shops, shop_fountains,
          uniq_aizul
Snake:3:  layout_onion
Orc:1:    dreamdust_wu_jian_sword_trials, layout_caves,
          gammafunk_ghost_necromancy
Orc:2:    grunt_orc_community_town_hall, layout_caves,
          grunt_orc_community_big_house_2, grunt_orc_community_big_house_2,
          grunt_orc_community_house_1, grunt_orc_community_house_1,
          grunt_orc_community_house_3, grunt_orc_community_house_3, basic_altar,
          david_defended_altar_orc, uniq_urug

Skill      XL: |  1  2  3  4  5  6  7  8  9 10 11 12 13 14 15 16 17 |
---------------+----------------------------------------------------+-----
Long Blades    | 2 3 4 5 6 8 9 11 12 13 14 15 16 | 16.7
Fighting       | 4 5 6 7 8 10 11 12 13 14 | 14.5
Armour         | 4 5 6 7 8 9 10 11 12 13 14 | 14.5
Shields        | 4 5 6 7 8 9 10 11 12 13 14 | 14.5
Invocations    | 5 8 10 11 13 | 13.2

Action                   |  1- 3 |  4- 6 |  7- 9 | 10-12 | 13-15 | 16-18 || total
-------------------------+-------+-------+-------+-------+-------+-------++-------
Melee: Long sword        |    88 |   101 |   402 |   434 |       |    29 ||  1054
       Headbutt          |       |    12 |   104 |   195 |   211 |   348 ||   870
       Dagger            |       |     6 |     2 |    10 |    22 |       ||    40
       Falchion          |       |       |       |   269 |   187 |       ||   456
       Unarmed           |       |       |       |     4 |       |       ||     4
       Great sword       |       |       |       |       |   540 |  1239 ||  1779
       Punch             |       |       |       |       |     1 |     1 ||     2
Invok: Draw Destruction  |       |       |       |    21 |    19 |    16 ||    56
       Draw Summoning    |       |       |       |     7 |    13 |    18 ||    38
       Draw Escape       |       |       |       |       |       |     3 ||     3
Evoke: Wand              |       |       |     3 |     2 |     2 |     2 ||     9
  Use: Scroll            |       |     8 |     4 |     5 |     2 |     3 ||    22
       Potion            |       |     7 |     3 |     1 |     4 |    11 ||    26
 Stab: Distracted        |       |       |       |       |     2 |     2 ||     4
Armor: Scale mail        |    42 |       |       |       |       |       ||    42
       Chain mail        |     3 |    71 |   198 |       |       |       ||   272
       Plate armour      |       |       |    65 |   494 |    24 |   101 ||   684
       Crystal plate arm |       |       |       |       |   680 |  1179 ||  1859
Dodge: Dodged            |    43 |    26 |   163 |   249 |   234 |   485 ||  1200
Block: Buckler           |    18 |    30 |   123 |   223 |    43 |       ||   437
